 Dungeon Crawl Stone Soup version 0.30.0-29-ga12c61a403 (webtiles) character file.

Game seed: 14039796415959918990

251 7w4c the Shield-Bearer (level 6, 0/47 HPs)
             Began as a Human Wanderer on June 20, 2023.
             Slain by a gnoll
             ... wielding a +0 whip
              (7 damage)
             ... on level 3 of the Dungeon on June 21, 2023.
             The game lasted 00:08:02 (1990 turns).

7w4c the Shield-Bearer (Human Wanderer)             Turns: 1990, Time: 00:08:03

Health: 0/47       AC:  5    Str: 11    XL:     6   Next: 36%
Magic:  6/6        EV: 10    Int: 11    God:
Gold:   46         SH:  5    Dex: 17    Spells: 2/5 levels left

rFire   + . .        k - +2 dagger (flame)
rCold   . . .        c - +0 buckler
rNeg    . . .        f - +0 ring mail
rPois   .            (no helmet)
rElec   .            (no cloak)
rCorr   .            (no gloves)
SInv    .            (no boots)
Will    .....        (no amulet)
Stlth   +            a - ring of protection from fire
HPRegen 0.27/turn    (no ring)
MPRegen 0.10/turn

%: no passive effects
@: no status effects
A: no striking features
a: no special abilities


You were on level 3 of the Dungeon.
You visited 1 branch of the dungeon, and saw 3 of its levels.

You collected 46 gold pieces.

Inventory:

Hand Weapons
 k - a +2 dagger of flaming (weapon)
Armour
 c - a +0 buckler (worn)
 f - a +0 ring mail (worn)
Jewellery
 a - a ring of protection from fire (left hand)
Wands
 b - a wand of polymorph (15)
Scrolls
 e - a scroll of fear {unknown}
 i - a scroll of teleportation
 j - a scroll of poison
Potions
 d - a potion of heal wounds {unknown}
 g - a potion of invisibility {unknown}
 l - a potion of might {unknown}


   Skills:
 + Level 3.2 Fighting
 + Level 3.0 Short Blades
 + Level 0.9 Throwing
 + Level 2.5 Armour
 + Level 1.8 Dodging
 + Level 0.2 Stealth
 + Level 3.9 Shields
 + Level 3.2 Evocations


You had 2 spell levels left.
You knew the following spells:

 Your Spells              Type           Power      Damage    Failure   Level
a - Ignite Poison         Fire/Tmut/Pois 0%         N/A       98%         3

Your spell library contained the following spells:

 Spells                   Type           Power      Damage    Failure   Level
 Sticky Flame             Conj/Fire      0%         2d3       100%        4
 Ignition                 Fire           0%         3d3       100%        8


Dungeon Overview and Level Annotations

Branches:
Dungeon (3/15)

Altars:


Message History

The gnoll barely misses you.
You closely miss the gnoll.
The gnoll is heavily wounded.
The gnoll barely misses you.
You hit the gnoll. You burn the gnoll.
The gnoll is severely wounded.
The gnoll barely misses you.
You hit the gnoll. You burn the gnoll.
The gnoll is almost dead.
The gnoll hits you with a +0 spear.
You hit the gnoll. You burn the gnoll.
You kill the gnoll!
Your Short Blades skill increases to level 3!
You closely miss the gnoll. The gnoll hits you with a +0 whip. x2
You hit the gnoll but do no damage. You block the gnoll's attack.
The gnoll hits you with a +0 whip.
You closely miss the gnoll. The gnoll misses you. You block the gnoll's attack.
You barely miss the gnoll. The gnoll hits you with a +0 whip.
The gnoll hits you but does no damage.
You hit the gnoll. You burn the gnoll.
The gnoll is heavily wounded.
You hit the gnoll but do no damage.
The gnoll is heavily wounded.
The gnoll hits you with a +0 whip. The gnoll hits you with a +0 whip!
You closely miss the gnoll.
The gnoll is heavily wounded.
The gnoll closely misses you. The gnoll hits you but does no damage.
You closely miss the gnoll.
The gnoll is heavily wounded.
The gnoll hits you with a +0 whip. You block the gnoll's attack.
You barely miss the gnoll.
The gnoll is heavily wounded.
The gnoll hits you with a +0 whip.
* * * LOW HITPOINT WARNING * * *
The gnoll hits you with a +0 whip.
* * * LOW HITPOINT WARNING * * *
You hit the gnoll. You burn the gnoll.
The gnoll is almost dead.
The gnoll hits you with a +0 whip!
You die...

#####
....
...
#..
#.#
#.###
#.g.#
#<#@#
#.#g#
#.#(#
..#.#
#.#.#
.g#.#
..#.#
..#.#


You could see 2 gnolls.

Vanquished Creatures
  Sigmund (D:2)
  2 gnolls (D:3)
  An adder (D:2)
  A worm (D:2)
  A dart slug (D:1)
  4 ball pythons (D:1)
  6 endoplasms
  3 giant cockroaches
  5 goblins
  4 hobgoblins
  3 quokkas
  6 bats
  2 frilled lizards (D:1)
  3 kobolds (D:1)
  5 rats
47 creatures vanquished.

Notes
Turn   | Place    | Note
-------+----------+-------------------------------------------
     0 | D:1      | 7w4c the Human Wanderer began the quest for the Orb.
     0 | D:1      | 7w4c set off with the following items: a +0 short sword, a
                  | wand of polymorph (15), a +0 buckler, a scroll of
                  | teleportation, a +0 leather armour.
     0 | D:1      | Reached XP level 1. HP: 16/16 MP: 1/1
   155 | D:1      | Reached XP level 2. HP: 22/22 MP: 2/2
   650 | D:1      | Reached XP level 3. HP: 22/27 MP: 3/3
  1113 | D:2      | Noticed Sigmund
  1127 | D:2      | Killed Sigmund
  1128 | D:2      | Reached skill level 1 in Dodging
  1128 | D:2      | Reached XP level 4. HP: 35/35 MP: 4/4
  1128 | D:2      | Reached XP level 5. HP: 41/41 MP: 5/5
  1128 | D:2      | Reached XP level 6. HP: 47/47 MP: 6/6
  1438 | D:2      | Learned a level 3 spell: Ignite Poison
  1990 | D:3      | Slain by a gnoll

Illustrated notes

Levels and vault maps discovered:
D:1:      dpeg_arrival_prison, layout_loops_cross, minmay_crystal_water
D:2:      layout_loops_corners, serial_glass, glass_columns_a, glass_columns_a,
          uniq_sigmund
D:3:      layout_basic, uniq_terence

Skill      XL: |  1  2  3  4  5  6 |
---------------+-------------------+-----
Fighting       | 3 |  3.2
Armour         | 2 |  2.5
Dodging        | 1 |  1.8
Short Blades   | 3 |  3.0
Throwing       | |  0.9
Stealth        | |  0.2
Shields        | |  3.9
Evocations     | |  3.2

Action                     |  1- 3 |  4- 6 || total
---------------------------+-------+-------++-------
  Melee: Short sword       |   116 |       ||   116
         Dagger            |    29 |    55 ||    84
  Throw: Stone             |     6 |       ||     6
         Dart              |     3 |    30 ||    33
    Use: Scroll            |     5 |       ||     5
 Armour: Leather armour    |    13 |       ||    13
         Ring mail         |    29 |    15 ||    44
  Dodge: Dodged            |    73 |    12 ||    85
  Block: Buckler           |    38 |    17 ||    55
